 Dungeon Crawl Stone Soup version 0.31-a0-728-g01b46875f1 (webtiles) character file.

Game seed: 17643760688947938313

117730 Xavori the Unseen (level 16, -4/102 (109) HPs)
             Began as an Octopode Chaos Knight on Sept 11, 2023.
             Was a Plaything of Xom.
             Slain by a wolf spider simulacrum (12 damage)
             ... summoned by a vampire mage
             ... on level 15 of the Dungeon.
             The game lasted 00:41:52 (34493 turns).

Xavori the Unseen (Octopode Chaos Knight)          Turns: 34493, Time: 00:41:53

HP:   -4/102 (109)  AC:  9    Str: 12    XL:     16   Next: 74%
MP:   16/16         EV: 29    Int: 14    God:    Xom [......]
Gold: 1760          SH: 13    Dex: 29    Spells: 13/15 levels left

rFire   . . .        V - +7 rapier of the Scorpion {freeze, SInv}
rCold   + . .        a - +0 buckler
rNeg    . . .        (helmet currently unavailable)
rPois   +            F - amulet of reflection
rElec   +            d - ring of Demons {SInv Stlth+}
rCorr   .            k - +5 ring of evasion
SInv    +            Z - ring of protection from cold
Will    +....        l - ring of Plog {rElec rPois}
Stlth   ++++++++++   Y - +4 ring of protection
HPRegen 0.37/turn    G - +6 ring of dexterity
MPRegen 0.15/turn    r - +4 ring of protection
                     X - +6 ring of dexterity

%: reflection
@: about to teleport, beast-form, flayed, studying Fighting, drained
A: beast (slay +4), almost no armour, amphibious, 8 rings, camouflage 1,
gelatinous body 1, (nimble swimmer 1), tentacles, tentacle spike 1, dopey 1,
sense surroundings 1, teleportitis 1, subdued magic 1, MP-powered wands
a: Begin Untransformation, Renounce Religion


You were on level 15 of the Dungeon.
You worshipped Xom.
You were a very special plaything of Xom.
You were a hulking beast.
You visited 3 branches of the dungeon, and saw 22 of its levels.
You also visited: Gauntlet and Ice Cave.

You collected 3516 gold pieces.
You spent 1756 gold pieces at shops.

Inventory:

Hand Weapons
 q - the +6 short sword of Painful Death {antimagic, Stlth+}
   (You found it on level 2 of the Dungeon)

   Stlth+:    It makes you more stealthy.
 V - the +7 rapier of the Scorpion (weapon) {freeze, SInv}
   (You bought it in a shop on level 2 of the Orcish Mines)

   SInv:      It lets you see invisible.
Armour
 a - a +0 buckler (worn)
 K - a +1 hat of willpower
Jewellery
 c - a ring of ice
 d - the ring of Demons (left tentacle) {SInv Stlth+}
   (You found it in a Gauntlet)

   [ring of see invisible]

   SInv:      It lets you see invisible.
   Stlth+:    It makes you more stealthy.
 f - an amulet of faith
 k - a +5 ring of evasion (right tentacle)
 l - the ring of Plog (on tentacle) {rElec rPois}
   (Xom gifted it to you on level 1 of the Dungeon)

   [ring of poison resistance]

   rElec:     It insulates you from electricity.
   rPois:     It protects you from poison
 r - a +4 ring of protection (on tentacle)
 s - a ring of flight
 F - an amulet of reflection (around mantle)
 G - a +6 ring of dexterity (on tentacle)
 M - a ring of fire
 R - a ring of resist corrosion
 X - a +6 ring of dexterity (on tentacle)
 Y - a +4 ring of protection (on tentacle)
 Z - a ring of protection from cold (on tentacle)
Talismans
 v - a beast talisman (active)
Wands
 h - a wand of mindburst (8)
 x - a wand of flame (11)
 C - a wand of polymorph (13)
 E - a wand of roots (20)
 J - a wand of light (1)
 S - a wand of digging (5)
 U - a wand of charming (11)
Scrolls
 b - a scroll of butterflies
 i - a scroll of torment
 m - a scroll of blinking
 u - 8 scrolls of teleportation
 w - 5 scrolls of amnesia
 y - 2 scrolls of enchant armour
 A - 5 scrolls of identify
 H - 4 scrolls of silence
 L - 3 scrolls of poison
 O - 3 scrolls of summoning
 Q - 3 scrolls of brand weapon
 W - a scroll of enchant weapon
Potions
 e - 9 potions of curing
 g - a potion of magic
 n - 4 potions of mutation
 o - 2 potions of invisibility {unknown}
 p - 4 potions of ambrosia
 t - 8 potions of haste
 I - 5 potions of brilliance
 N - 3 potions of enlightenment
Miscellaneous
 j - a phial of floods
 z - a lightning rod (4/4)
 D - a condenser vane


   Skills:
 + Level 10.3 Fighting
 + Level 12.7 Short Blades
 + Level 10.7 Dodging
 + Level 19.4 Stealth
 + Level 6.5 Shields
 - Level 10.7 Evocations
 * Level 11.8 Shapeshifting


You had 13 spell levels left.
You knew the following spells:

 Your Spells              Type           Power      Damage    Failure   Level
a - Passwall              Tmut/Erth      0%         N/A       45%         2

Your spell library contained the following spells:

 Spells                   Type           Power      Damage    Failure   Level
 Magic Dart               Conj           0%         1d3       32%         1
 Ensorcelled Hibernation  Hex/Ice        0%         N/A       45%         2
 Lesser Beckoning         Tloc           0%         N/A       45%         2
 Searing Ray              Conj           0%         2d4       45%         2
 Dazzling Flash           Conj/Hex       0%         N/A       71%         3
 Gell's Gravitas          Tloc           0%         N/A       71%         3
 Ignite Poison            Fire/Tmut/Pois 0%         N/A       71%         3
 Inner Flame              Hex/Fire       0%         N/A       71%         3
 Swiftness                Air            0%         N/A       71%         3
 Teleport Other           Tloc           0%         N/A       71%         3
 Anguish                  Hex/Necr       0%         N/A       98%         4
 Cause Fear               Hex            0%         N/A       98%         4
 Fulminant Prism          Conj/Hex       0%         3d5       98%         4
 Sticky Flame             Conj/Fire      0%         2d3       98%         4
 Agony                    Necr           0%         N/A       100%        5
 Silence                  Hex/Air        0%         N/A       100%        5
 Yara's Violent Unravell  Hex/Tmut       0%         3d3       100%        5
 Simulacrum               Ice/Necr       0%         N/A       100%        6
 Enfeeble                 Hex            0%         N/A       100%        7
 Ozocubu's Refrigeration  Ice            0%         4d7       100%        7
 Ignition                 Fire           0%         3d3       100%        8
 Polar Vortex             Ice            0%         N/A       100%        9


Dungeon Overview and Level Annotations

Branches:
Dungeon (15/15)            Temple (0/1) D:5            Lair (5/5) D:11
  Swamp (0/4) Lair:2        Snake (0/4) Lair:2        Slime (0/5) Lair:5
    Orc (2/2) D:10            Elf (0/3) Orc:2        Vaults (0/5) D:14
 Depths (0/4) D:15          IceCv (visited)         Gauntlet (visited)

Altars:
Gozag
Hepliaklqana
Trog
Uskayaw
Wu Jian
Xom
Lugonu

Shops:
D:7 !*   Orc:2 =(?

Portals:
Abyss: Lair:5

Annotations:
D:3 3 runed translucent doors, Sundig's ghost, weakling DgFi
D:13 Kirke


Innate Abilities, Weirdness & Mutations

You are a hulking beast.
Your limbs bulge with bestial killing power. (Slay +4)
You cannot wear most types of armour.
You are amphibious.
You can wear up to eight rings at the same time.
Your skin changes colour to match your surroundings (Stealth+).
Your rubbery body absorbs attacks. (AC +1, EV +1)
((You are camouflaged when in or above water. (Stealth+)))
You have tentacles for arms and can constrict up to eight enemies at once.
One of your tentacles bears a spike.
You are dopey. (Int -2)
You passively map a small area around you.
You are occasionally teleported next to monsters.
Your spells are a little easier to cast, but a little less powerful.
You expend magic power (3 MP) to strengthen your wands.


Message History

As you read the scroll of teleportation, it crumbles to dust.
You feel strangely unstable.
The wolf spider simulacrum completely misses you.
The wolf spider simulacrum closely misses you.
You block the skeletal warrior's attack.
The vampire mage hits you.
* * * LOW HITPOINT WARNING * * *
You block the vampire mage's attack. You block the jiangshi's attack.
The jiangshi barely misses you.
The flayed ghost cries, "Feel what I felt!"
Terrible wounds open up all over your body!
* * * LOW HITPOINT WARNING * * *
Xom is highly amused!
The vampire hits itself but does no damage.
The vampire bites itself!
Unknown command.
Unknown command.
You barely miss the vampire mage. You grab the vampire mage.
You constrict the vampire mage, but do no damage.
The wolf spider simulacrum completely misses you.
The wolf spider simulacrum closely misses you.
The jiangshi closely misses you. The jiangshi completely misses you.
You block the skeletal warrior's attack.
You block the vampire mage's attack. The vampire mage completely misses you.
You puncture the skeletal warrior! You freeze the skeletal warrior.
You grab the skeletal warrior.
You pierce the skeletal warrior, but do no damage.
The skeletal warrior is moderately damaged.
You constrict the skeletal warrior, but do no damage.
You constrict the vampire mage, but do no damage.
The jiangshi claws you.
* * * LOW HITPOINT WARNING * * *
The jiangshi draws strength from your injuries!
The jiangshi misses you.
The wolf spider simulacrum completely misses you.
The wolf spider simulacrum bites you!
* * * LOW HITPOINT WARNING * * *
The wolf spider simulacrum freezes you! You resist.
You die...
Xom laughs nastily!

#######..##..........#
, #..........##### *
#..##.....#.###* *
#..###..<##...# #V.#
##.####### #..# ### *
* #z.# #WV# , #hZ# ***
* * ###zV# ** , ,, * ,
**#.pJ.# , * ,
,#Z##.#, *
....8JJZ...#
........#### *
.......z. , C.Z8.....*
* 8...8.8..# *,


You could see 2 skeletal warriors, a jiangshi (summoned), 2 slime creatures, a
flayed ghost (summoned), a vampire mage, a necromancer, a vampire (summoned,
confused), a wolf spider simulacrum (summoned), a stone giant zombie and a titan
zombie.

Vanquished Creatures
  Jorgrun (D:13)
  An orc warlord (Orc:2)
  A reaper (IceCv)
  Nessos (Lair:5)
  A minotaur (Gauntlet)
  Josephine (D:13)
  4 vault guards (D:14)
  Harold (D:11)
  5 hydras
  A rakshasa (D:13)
  4 centaur warriors
  Erica (D:11)
  A catoblepas (Lair:5)
  5 two-headed ogres
  A satyr (Orc:2)
  A death yak (Lair:2)
  2 tengu warriors (D:13)
  A boulder beetle (D:13)
  3 thrashing horrors (Lair:5)
  Urug (D:13)
  2 orc high priests (Orc:2)
  3 skysharks
  3 skeletal warriors (D:14)
  A fire crab (Lair:2)
  A lindwurm (Lair:3)
  A wizard (D:12)
  10 ugly things
  A deep elf pyromancer (D:12)
  4 orc knights
  3 cyclopes
  2 orc sorcerers (Orc:2)
  A necromancer (D:10)
  A salamander (Lair:2)
  A moth of wrath (Gauntlet)
  A manticore (D:15)
  5 elephants (Lair:4)
  4 black mambas
  A torpor snail (Lair:2)
  3 smoke demons (Lair:5)
  Jeremiah (D:8)
  2 ice statues (IceCv)
  3 gargoyles
  10 cane toads
  2 unseen horrors
  8 komodo dragons
  Maggie (D:8)
  2 anaconda simulacra (IceCv)
  4 rime drakes
  5 ice devils (IceCv)
  A yaktaur (D:10)
  3 kobold demonologists (D:11)
  6 meliai
  2 queen bees
  6 trolls
  A tarantella (shapeshifter) (Lair:5)
  3 polar bears
  A tarantella (Lair:4)
  6 hornets
  17 blink frogs
  A raiju (Lair:5)
  2 large abominations (Lair:5)
  A centaur simulacrum (D:14)
  A vampire (D:14)
  A spriggan (Lair:5)
  8 wraiths
  3 shadows
  A yak (shapeshifter) (D:14)
  A dire elephant simulacrum (IceCv)
  A fire bat (Orc:2)
  4 hogs (D:13)
  A spriggan (shapeshifter) (Lair:5)
  2 ynoxinuls (Lair:5)
  34 yaks
  A human (shapeshifter) (D:14)
  6 wyverns
  8 basilisks
  2 steam dragons (D:8)
  7 vampire mosquitoes
  A chaos spawn (Lair:5)
  3 nagas (Lair:2)
  3 harpy simulacra (IceCv)
  2 swamp worms (Lair:2)
  4 wargs
  2 acid dragons
  4 hydra simulacra (IceCv)
  9 water moccasins
  An ice beast (D:6)
  32 orc warriors
  6 black bears
  A tengu (Orc:2)
  13 centaurs
  9 wolves
  An ogre (D:7)
  A phantom (D:3)
  16 small abominations
  4 kobold brigands
  Blork the orc (Orc:2)
  11 bullfrogs
  A gnoll sergeant (Orc:2)
  3 scorpions
  30 killer bees
  An electric eel (Lair:4)
  5 howler monkeys
  A hound (D:4)
  15 jellies
  A gnoll bouda (D:7)
  9 orc priests
  A sleepcap (D:5)
  An iguana (D:5)
  28 orc wizards
  2 yak simulacra (D:10)
  6 hell rats (Lair:3)
  4 polar bear simulacra (D:10)
  2 wolf simulacra (IceCv)
  12 gnolls
  5 adders
  3 shadow imps (D:7)
  5 white imps
  3 ufetubi
  6 dart slugs
  69 orcs
  4 bats
  5 endoplasms
  2 giant cockroaches
  7 goblins
  7 hobgoblins
  4 jackals (D:2)
  4 quokkas
  5 ball pythons
  A frilled lizard (D:1)
  23 kobolds
  5 rats
658 creatures vanquished.

Vanquished Creatures (collateral kills)
  An orc high priest (Orc:2)
  A jelly (Lair:5)
  2 orcs (Orc:2)
4 creatures vanquished.

Vanquished Creatures (others)
  A centaur warrior (D:14)
  An orc wizard (Orc:2)
  2 polar bear simulacra (D:10)
  A yak simulacrum (D:10)
  A wolf simulacrum (D:10)
  A ball python (D:1)
  A river rat simulacrum (D:10)
8 creatures vanquished.

Grand Total: 670 creatures vanquished

Notes
Turn   | Place    | Note
-------+----------+-------------------------------------------
     0 | D:1      | Xavori the Octopode Chaos Knight began the quest for the
                  | Orb.
     0 | D:1      | Reached XP level 1. HP: 16/16 MP: 1/1
    88 | D:1      | Reached XP level 2. HP: 19/21 MP: 2/2
   141 | D:1      | XOM: divination: magic mapping
   260 | D:1      | Reached XP level 3. HP: 26/26 MP: 3/3
   455 | D:1      | XOM: god gift: short bronze wand {god gift}
   752 | D:1      | XOM: give mutation
   752 | D:1      | Gained mutation: Your skin blends seamlessly with your
                  | surroundings (Stealth++). [Xom's mischief]
  1551 | D:1      | XOM: scenery: summon butterflies
  2198 | D:1      | XOM: god gift: 25 gold pieces
  2205 | D:1      | XOM: divination: detect creatures
  3106 | D:1      | XOM: divination: magic mapping
  3374 | D:1      | XOM: give mutations
  3374 | D:1      | Gained mutation: Your mind is acute. (Int +4, Str/Dex -1)
                  | [Xom's mischief]
  3374 | D:1      | Lost mutation: Your mind is acute. (Int +4, Str/Dex -1)
                  | [Xom's mischief]
  3519 | D:1      | XOM: cloud trail
  3651 | D:1      | XOM: cloud trail
  4130 | D:1      | XOM: give mutations
  4130 | D:1      | Gained mutation: One of your tentacles bears a spike.
                  | [Xom's grace]
  4130 | D:1      | Gained mutation: Your muscles are strong. (Str +4, Int/Dex
                  | -1) [Xom's grace]
  4571 | D:1      | XOM: divination: magic mapping
  4594 | D:1      | XOM: scenery: create altars
  4802 | D:1      | XOM is BORED!
  4802 | D:1      | XOM: give mutations
  4802 | D:1      | Lost mutation: Your muscles are strong. (Str +4, Int/Dex
                  | -1) [Xom's mischief]
  4802 | D:1      | Gained mutation: You are frail. (-10% HP) [Xom's mischief]
  4925 | D:1      | XOM: give mutation
  4925 | D:1      | Gained mutation: Your spells are a little harder to cast,
                  | but a little more powerful. [Xom's grace]
  5166 | D:1      | XOM: give mutations
  5166 | D:1      | Gained mutation: You are strong-willed. (Will+) [Xom's
                  | grace]
  5166 | D:1      | Gained mutation: Your mind is acute. (Int +4, Str/Dex -1)
                  | [Xom's grace]
  5166 | D:1      | Gained mutation: Your flesh is cold resistant. (rC+) [Xom's
                  | grace]
  5166 | D:1      | Gained mutation: You have hidden genetic potential. [Xom's
                  | grace]
  5727 | D:1      | XOM: 2-stop teleportation journey
  6142 | D:1      | XOM: god gift: 3 stones
  6494 | D:1      | XOM: god gift: granite ring {god gift}
  6652 | D:1      | XOM: god gift: +5 ring of evasion
  7842 | D:1      | XOM is BORED!
  7842 | D:1      | XOM: stat loss: -1 Dex (11/12)
  7930 | D:1      | Identified the ring of Plog {rElec rPois} (Xom gifted it to
                  | you on level 1 of the Dungeon)
  7930 | D:1      | XOM: god gift: ring of Plog {rElec rPois}
  7965 | D:2      | XOM: 3-stop teleportation journey
  7969 | D:2      | Reached skill level 1 in Stealth
  8030 | D:2      | XOM: torment (13/23 hp)
  8121 | D:2      | XOM: chaos cloud
  8138 | D:2      | Reached XP level 4. HP: 27/27 MP: 4/4
  8204 | D:2      | Identified the +6 short sword of Painful Death {antimagic,
                  | Stlth+}
  8297 | D:2      | XOM: give mutations
  8297 | D:2      | Gained mutation: You sometimes lose your temper in combat.
                  | [Xom's mischief]
  8297 | D:2      | Gained mutation: Your magical capacity is low. (-10% MP)
                  | [Xom's mischief]
  8435 | D:2      | Reached skill level 2 in Stealth
  8594 | D:3      | XOM: give mutation
  8594 | D:3      | Lost mutation: You are frail. (-10% HP) [Xom's mischief]
  8661 | D:3      | XOM: torment (17/31 hp)
  8674 | D:3      | Gained mutation: You are partially covered in large bone
                  | plates. (SH +4) [hidden potential]
  8738 | D:3      | XOM: 5-stop teleportation journey
  8778 | D:3      | Found a runed translucent gate.
  8779 | D:3      | Found a runed translucent gate.
  8779 | D:3      | Found a runed translucent gate.
  8782 | D:3      | Noticed Sundig's ghost (weakling DgFi)
  9007 | D:3      | XOM: give mutations
  9007 | D:3      | Gained mutation: You are agile. (Dex +4, Str/Int -1) [Xom's
                  | grace]
  9007 | D:3      | Gained mutation: Your system is resistant to poisons.
                  | (rPois) [Xom's grace]
  9007 | D:3      | Gained mutation: You are partially covered in iridescent
                  | scales. (AC +2) [Xom's grace]
  9189 | D:4      | Noticed a phantom
  9198 | D:3      | Reached skill level 1 in Evocations
  9205 | D:4      | Reached skill level 3 in Stealth
  9205 | D:4      | Reached XP level 5. HP: 20/36 MP: 1/4
  9211 | D:3      | Killed a phantom
  9212 | D:3      | Reached skill level 1 in Shapeshifting
  9282 | D:4      | Reached skill level 4 in Stealth
  9282 | D:4      | Reached XP level 6. HP: 43/43 MP: 1/5
  9304 | D:4      | Identified the +4 flail of the Lumpy Coins {freeze, Fly
                  | rPois rF- Int+8}
  9402 | D:4      | XOM: 2-stop teleportation journey
  9459 | D:4      | Found an ornate altar of the Wu Jian Council.
  9663 | D:5      | Entered Level 5 of the Dungeon
  9718 | D:5      | Gained mutation: Your flesh is very cold resistant. (rC++)
                  | [hidden potential]
  9718 | D:5      | Lost mutation: You have hidden genetic potential. [hidden
                  | potential expressed]
  9905 | D:5      | Found a staircase to the Ecumenical Temple.
 10073 | D:5      | Reached skill level 5 in Stealth
 10073 | D:5      | Reached XP level 7. HP: 47/47 MP: 2/6
 10200 | D:5      | Found a bloodstained altar of Trog.
 10200 | D:5      | Found a hide-covered altar of Uskayaw.
 10361 | D:6      | XOM: god gift: quarterstaff {god gift}
 10441 | D:6      | Reached skill level 6 in Stealth
 10441 | D:6      | XOM: potion effect (heal wounds)
 10480 | D:6      | XOM: god gift: condenser vane
 10723 | D:6      | Reached XP level 8. HP: 54/54 MP: 2/7
 10787 | D:6      | Noticed a troll
 10792 | D:6      | XOM is BORED!
 10792 | D:6      | XOM: enchant monster (bad)
 11045 | D:6      | XOM: enchant monster (bad)
 11047 | D:6      | XOM: confusion
 11092 | D:6      | Reached skill level 5 in Short Blades
 11092 | D:6      | Reached skill level 7 in Stealth
 11143 | D:6      | XOM: fog
 11150 | D:6      | Killed a troll
 11151 | D:6      | Reached skill level 1 in Shields
 11433 | D:6      | Found the +18 Lear's hauberk
 11677 | D:7      | Found Qirianeg's Distillery.
 11696 | D:7      | Reached skill level 8 in Stealth
 11717 | D:7      | Bought a potion of heal wounds for 60 gold pieces
 11717 | D:7      | Bought a potion of haste for 120 gold pieces
 11717 | D:7      | Bought a potion of curing for 36 gold pieces
 11717 | D:7      | Bought a potion of haste for 120 gold pieces
 11717 | D:7      | Bought a potion of degeneration for 12 gold pieces
 11814 | D:7      | Found Gozag's Platinum Reserve.
 11817 | D:7      | Found an opulent altar of Gozag.
 11861 | D:7      | Reached XP level 9. HP: 58/58 MP: 2/8
 11907 | D:7      | Reached skill level 5 in Evocations
 11967 | D:7      | XOM: god gift: +1 hat of willpower
 12121 | D:7      | XOM: give mutations
 12121 | D:7      | Gained mutation: You expend magic power (3 MP) to
                  | strengthen your wands. [Xom's grace]
 12121 | D:7      | Gained mutation: Your mind is very acute. (Int +8, Str/Dex
                  | -2) [Xom's grace]
 12121 | D:7      | Gained mutation: You have a pair of small antennae on your
                  | head. [Xom's grace]
 12185 | D:7      | XOM: polymorph orc -> giant cockroach
 12364 | D:8      | XOM is BORED!
 12364 | D:8      | Found a faded altar of an unknown god.
 12364 | D:8      | Found a faded altar of an unknown god.
 12364 | D:8      | Found a hazy altar of Hepliaklqana.
 12364 | D:8      | XOM: 4-stop teleportation journey
 12378 | D:8      | Noticed a hornet
 12380 | D:8      | Killed a hornet
 12381 | D:8      | Reached skill level 9 in Stealth
 12400 | D:8      | XOM: give mutations
 12400 | D:8      | Gained mutation: You passively map a small area around you.
                  | [Xom's grace]
 12400 | D:8      | Gained mutation: You are robust. (+10% HP) [Xom's grace]
 12400 | D:8      | Gained mutation: Your flesh is heat resistant. (rF+) [Xom's
                  | grace]
 12400 | D:8      | Gained mutation: One of your tentacles bears a nasty spike.
                  | [Xom's grace]
 12443 | D:8      | Noticed Maggie
 12450 | D:8      | Killed Maggie
 12474 | D:8      | Noticed Jeremiah
 12500 | D:8      | Killed Jeremiah
 12501 | D:8      | Reached skill level 10 in Stealth
 12505 | D:8      | Reached skill level 5 in Shapeshifting
 12714 | D:8      | XOM: give mutation
 12714 | D:8      | Lost mutation: You are strong-willed. (Will+) [Xom's
                  | mischief]
 12748 | D:8      | Reached XP level 10. HP: 71/71 MP: 3/9
 12786 | D:8      | XOM: scenery: 1 doors close
 12788 | D:8      | XOM: blink monster(s)
 12895 | D:8      | Reached skill level 11 in Stealth
 12907 | D:8      | XOM: summons 3 hostile demons
 13277 | D:9      | XOM: 6-stop teleportation journey
 13550 | D:9      | Upgraded the game from 0.31-a0-716-gc7603755dd to
                  | 0.31-a0-728-g01b46875f1
 13585 | D:10     | Entered Level 10 of the Dungeon
 13619 | D:10     | Noticed a gargoyle
 13626 | D:10     | XOM: confuse monster(s)
 13635 | D:10     | Killed a gargoyle
 13636 | D:10     | Reached skill level 5 in Dodging
 13641 | D:10     | Reached skill level 12 in Stealth
 13759 | D:10     | Found a staircase to the Orcish Mines.
 13961 | D:10     | XOM: god gift: silver javelin
 14058 | D:10     | Noticed a necromancer
 14063 | D:10     | Killed a necromancer
 14064 | D:10     | Reached skill level 5 in Fighting
 14064 | D:10     | Reached XP level 11. HP: 78/78 MP: 3/9
 14087 | D:10     | XOM: destruction
 14459 | D:10     | XOM: give mutations
 14459 | D:10     | Lost mutation: You are partially covered in large bone
                  | plates. (SH +4) [Xom's mischief]
 14459 | D:10     | Lost mutation: Your spells are a little harder to cast, but
                  | a little more powerful. [Xom's mischief]
 14466 | D:10     | XOM: scenery: 2 doors close
 14533 | D:10     | Noticed a two-headed ogre
 14540 | D:10     | Killed a two-headed ogre
 14568 | D:11     | Noticed a two-headed ogre
 14574 | D:10     | XOM: smoke on damage
 14685 | D:11     | Reached skill level 13 in Stealth
 14782 | D:11     | Noticed Harold
 14784 | D:11     | XOM: chaos upgrade
 14798 | D:11     | Killed Harold
 14841 | D:11     | Noticed Erica
 14846 | D:11     | XOM: potion effect (haste)
 15018 | D:11     | Killed Erica
 15022 | D:11     | XOM: potion effect (invisibility)
 15121 | D:11     | Found a staircase to the Lair.
 15124 | D:11     | XOM: silly message
 15271 | D:11     | XOM: divination: detect items
 15482 | D:11     | Noticed a two-headed ogre
 15489 | D:11     | Killed a two-headed ogre
 15618 | D:11     | XOM: cloud trail
 15665 | D:11     | XOM: enchant monster (bad)
 15669 | D:11     | Killed a two-headed ogre
 15670 | D:11     | Reached XP level 12. HP: 75/85 MP: 3/10
 15740 | D:11     | Noticed a centaur warrior
 15758 | D:11     | XOM: cast spell 'Summon Small Mammal'
 15760 | D:11     | Killed a centaur warrior
 16028 | D:11     | XOM is BORED!
 16028 | D:11     | XOM: noise
 16217 | D:12     | XOM: cloud trail
 16234 | D:12     | Reached skill level 14 in Stealth
 16336 | D:12     | XOM: 6-stop teleportation journey
 16434 | D:12     | Noticed a two-headed ogre
 16455 | D:12     | XOM: butterfly on damage
 16455 | D:12     | Noticed a two-headed ogre
 16460 | D:12     | Killed a two-headed ogre
 16460 | D:12     | XOM: enchant monster (bad)
 16461 | D:12     | XOM: god gift: 812 gold pieces
 16463 | D:12     | Killed a two-headed ogre
 16519 | D:12     | XOM: give mutations
 16519 | D:12     | Lost mutation: Your flesh is heat resistant. (rF+) [Xom's
                  | mischief]
 16519 | D:12     | Lost mutation: You are robust. (+10% HP) [Xom's mischief]
 16519 | D:12     | Lost mutation: You have a pair of small antennae on your
                  | head. [Xom's mischief]
 16519 | D:12     | Gained mutation: Your spells are a little easier to cast,
                  | but a little less powerful. [Xom's mischief]
 16577 | D:12     | Learned a level 2 spell: Passwall
 16868 | Lair:1   | Entered Level 1 of the Lair of Beasts
 17541 | Lair:2   | XOM: polymorph cane toad -> fire crab
 17585 | Lair:2   | XOM is BORED!
 17585 | Lair:2   | XOM: summons 1 hostile demon
 17635 | Lair:2   | XOM: 3-stop teleportation journey
 17836 | Lair:2   | Reached skill level 10 in Evocations
 17907 | Lair:2   | Reached skill level 15 in Stealth
 18124 | Lair:2   | Noticed a death yak
 18126 | Lair:2   | XOM: butterfly on damage
 18128 | Lair:2   | XOM: confuse monster(s)
 18366 | Lair:2   | XOM: summons friendly iron imp
 18383 | Lair:2   | Killed a death yak
 18504 | Lair:2   | Noticed a five-headed hydra
 18513 | Lair:2   | Killed a five-headed hydra
 18514 | Lair:2   | Reached XP level 13. HP: 63/85 MP: 3/11
 18525 | Lair:2   | XOM: cloud trail
 18549 | Lair:2   | XOM: stat loss: -1 Int (21/22)
 18642 | Lair:2   | XOM: draining
 18659 | Lair:2   | Found a staircase to the Swamp.
 18727 | Lair:2   | XOM: give mutations
 18727 | Lair:2   | Lost mutation: Your system is resistant to poisons. (rPois)
                  | [Xom's mischief]
 18727 | Lair:2   | Gained mutation: You passively map the area around you.
                  | [Xom's mischief]
 18727 | Lair:2   | Lost mutation: Your magical capacity is low. (-10% MP)
                  | [Xom's mischief]
 18727 | Lair:2   | Lost mutation: You are agile. (Dex +4, Str/Int -1) [Xom's
                  | mischief]
 18854 | Lair:2   | Reached skill level 10 in Short Blades
 19093 | Lair:2   | Found a staircase to the Snake Pit.
 19571 | Lair:3   | Xom revived you
 19752 | Lair:2   | XOM: give mutations
 19752 | Lair:2   | Lost mutation: Your flesh is very cold resistant. (rC++)
                  | [Xom's mischief]
 19752 | Lair:2   | Lost mutation: Your flesh is cold resistant. (rC+) [Xom's
                  | mischief]
 19752 | Lair:2   | Gained mutation: You are vulnerable to cold. (rC-) [Xom's
                  | mischief]
 19752 | Lair:2   | Gained mutation: Potions are less effective at restoring
                  | your health. [Xom's mischief]
 19752 | Lair:2   | Lost mutation: You are partially covered in iridescent
                  | scales. (AC +2) [Xom's mischief]
 19901 | Lair:2   | XOM: torment (41/79 hp)
 20069 | Lair:2   | XOM: silly message
 20071 | Lair:2   | XOM: silly message
 20274 | Lair:2   | XOM: divination: detect creatures
 20506 | Lair:3   | XOM: silly message
 20588 | Lair:3   | XOM: silly message
 20695 | Lair:3   | Reached skill level 16 in Stealth
 20696 | Lair:3   | XOM: noise
 20709 | Lair:3   | XOM: cast spell 'Summon Small Mammal'
 20711 | Lair:3   | XOM: silly message
 20875 | Lair:3   | Lost mutation: Your spells are a little easier to cast, but
                  | a little less powerful. [potion of mutation]
 20875 | Lair:3   | Lost mutation: Potions are less effective at restoring your
                  | health. [potion of mutation]
 20875 | Lair:3   | Lost mutation: You sometimes lose your temper in combat.
                  | [potion of mutation]
 20964 | Lair:3   | XOM: divination: magic mapping
 20977 | Lair:3   | XOM: divination: detect items
 21095 | Lair:3   | XOM: enchant monster (bad)
 21097 | Lair:3   | XOM: cast spell 'Summon Ice Beast'
 21232 | Lair:3   | XOM: potion effect (might)
 21740 | Lair:4   | XOM: confusion (+ monsters)
 21791 | Lair:4   | XOM: divination: detect creatures
 21795 | Lair:4   | XOM: potion effect (haste)
 21800 | Lair:4   | XOM: 3-stop teleportation journey
 21950 | Lair:4   | XOM: 2-stop teleportation journey
 21999 | Lair:4   | XOM: polymorph polar bear -> tarantella
 22021 | Lair:4   | XOM: enchant monster (good)
 22036 | Lair:4   | XOM: swap monsters
 22048 | Lair:4   | XOM: smoke on damage
 22056 | Lair:4   | XOM: polymorph elephant -> skyshark
 22078 | Lair:4   | XOM: confusion
 22079 | Lair:4   | XOM: scenery: create altars
 22326 | Lair:4   | XOM: chaos upgrade
 22421 | Lair:4   | Paralysed by a hornet for 3 turns
 22562 | Lair:4   | XOM: summons 6 hostile demons
 22945 | Lair:4   | XOM: noise
 22952 | Lair:4   | Reached XP level 14. HP: 80/93 MP: 4/14
 23269 | Lair:4   | XOM: swap monsters
 23282 | Lair:4   | XOM: give mutations
 23282 | Lair:4   | Lost mutation: You passively map the area around you.
                  | [Xom's mischief]
 23282 | Lair:4   | Gained mutation: One of your tentacles bears a large
                  | vicious spike. [Xom's mischief]
 23282 | Lair:4   | Lost mutation: One of your tentacles bears a large vicious
                  | spike. [Xom's mischief]
 23631 | Lair:4   | XOM: summons 3 hostile demons
 24516 | D:11     | XOM: silly message
 24909 | D:11     | XOM is BORED!
 24909 | D:11     | XOM: noise
 25063 | D:11     | XOM is BORED!
 25114 | D:11     | XOM: silly message
 26007 | D:11     | XOM: scenery: create altars
 26345 | D:11     | XOM: cloud trail
 26349 | D:11     | XOM: god gift: 1004 gold pieces
 26400 | Orc:1    | Entered Level 1 of the Orcish Mines
 26558 | Orc:2    | Entered Level 2 of the Orcish Mines
 26560 | Orc:2    | XOM: polymorph orc warrior -> fire bat
 26683 | Orc:1    | XOM: swap monsters
 26800 | Orc:1    | Reached skill level 17 in Stealth
 26881 | Orc:2    | Noticed Blork the orc
 27018 | Orc:2    | XOM: 1-stop teleportation journey
 27051 | Orc:2    | XOM: polymorph orc warrior -> tengu
 27068 | Orc:2    | XOM: noise
 27104 | Orc:2    | XOM: cloud trail
 27206 | Orc:2    | XOM: blink monster(s)
 27323 | Orc:2    | XOM: cast spell 'Metabolic Englaciation'
 27341 | Orc:2    | XOM: noise
 27366 | Orc:2    | XOM: summons 6 friendly demons
 27375 | Orc:2    | XOM: swap monsters
 27566 | Orc:2    | XOM: summons friendly iron imp
 27820 | Orc:2    | XOM: swap monsters
 27824 | Orc:2    | Killed Blork the orc
 27835 | Orc:2    | XOM: swap monsters
 28025 | Orc:2    | XOM: give mutations
 28025 | Orc:2    | Lost mutation: Your mind is very acute. (Int +8, Str/Dex
                  | -2) [Xom's mischief]
 28025 | Orc:2    | Gained mutation: You are somewhat resistant to further
                  | mutation. [Xom's mischief]
 28025 | Orc:2    | Lost mutation: Your skin blends seamlessly with your
                  | surroundings (Stealth++). [Xom's mischief]
 28025 | Orc:2    | Lost mutation: You are vulnerable to cold. (rC-) [Xom's
                  | mischief]
 28321 | Orc:2    | Reached skill level 10 in Shapeshifting
 28331 | Orc:2    | Found a staircase to the Elven Halls.
 28351 | Orc:2    | XOM: cleaving
 28445 | Orc:2    | XOM: polymorph orc high priest -> satyr
 28455 | Orc:2    | XOM: stat loss: -1 Str (10/11)
 28564 | Orc:2    | XOM: chaos upgrade
 28655 | Orc:2    | Found Harr's Magic Scroll Boutique.
 28660 | Orc:2    | Bought a scroll of blinking for 112 gold pieces
 28695 | Orc:2    | Noticed an orc warlord
 28714 | Orc:2    | XOM: cast spell 'Summon Hydra'
 28740 | Orc:2    | XOM: fog
 28748 | Orc:2    | Killed an orc warlord
 28775 | Orc:2    | Found Givir's Antique Armour Shop.
 28778 | Orc:2    | XOM: enchant monster (good)
 28880 | Orc:2    | Found Ganus's Antique Weapon Boutique.
 28891 | Orc:2    | Bought a transparent rapier for 216 gold pieces
 28891 | Orc:2    | Identified the +7 rapier of the Scorpion {freeze, SInv}
                  | (You bought it in a shop on level 2 of the Orcish Mines)
 28993 | Orc:2    | XOM: scenery: 1 doors close
 28996 | Orc:2    | XOM: enchant monster (good)
 29001 | Orc:2    | Found Qosithrad's Jewellery Emporium.
 29006 | Orc:2    | Bought a +6 ring of dexterity for 540 gold pieces
 29006 | Orc:2    | Bought a +4 ring of protection for 540 gold pieces
 29226 | Lair:5   | Entered Level 5 of the Lair of Beasts
 29241 | Lair:5   | XOM: divination: detect creatures
 29448 | Lair:5   | Reached skill level 5 in Shields
 29448 | Lair:5   | Reached XP level 15. HP: 101/101 MP: 15/15
 29463 | Lair:5   | XOM: god gift: long sword {god gift}
 29560 | Lair:5   | XOM: summons 5 friendly demons
 29564 | Lair:5   | XOM: divination: detect items
 29582 | Lair:5   | Found a staircase to the Slime Pits.
 29619 | Lair:5   | XOM: 2-stop teleportation journey
 29635 | Lair:5   | Noticed Nessos
 29642 | Lair:5   | Killed Nessos
 29643 | Lair:5   | Reached skill level 18 in Stealth
 29752 | Lair:5   | XOM: polymorph small abomination -> small abomination
 29952 | Lair:5   | XOM: 3-stop teleportation journey
 30208 | Lair:4   | XOM: summons 3 hostile shadow creatures
 30258 | Lair:5   | XOM: polymorph blink frog -> queen bee
 30370 | Lair:5   | XOM: give mutations
 30370 | Lair:5   | Lost mutation: Your mind is acute. (Int +4, Str/Dex -1)
                  | [Xom's mischief]
 30370 | Lair:5   | Gained mutation: You are dopey. (Int -2) [Xom's mischief]
 30431 | Lair:5   | Reached XP level 16. HP: 108/108 MP: 16/16
 30433 | Lair:5   | XOM: summons 8 friendly demons
 30454 | Lair:5   | Reached skill level 10 in Dodging
 30491 | Lair:5   | XOM: noise
 30512 | Lair:5   | Found a corrupted altar of Lugonu.
 30512 | Lair:5   | Found a one-way gate to the infinite horrors of the Abyss.
 30885 | D:13     | Noticed Jorgrun
 30890 | D:13     | Killed Jorgrun
 30958 | D:13     | Noticed Josephine
 30964 | D:13     | XOM: chaos cloud
 30970 | D:13     | XOM: butterfly on damage
 30971 | D:13     | Killed Josephine
 31021 | D:13     | Noticed Kirke
 31094 | D:13     | XOM: blink monster(s)
 31099 | D:13     | XOM: polymorph manticore -> redback
 31139 | D:12     | XOM: cloud trail
 31185 | D:13     | XOM: potion effect (brilliance)
 31237 | D:13     | Found a frozen archway.
 31252 | IceCv    | Entered an ice cave
 31782 | D:13     | Noticed Urug
 31796 | D:13     | Killed Urug
 31965 | D:13     | XOM: god gift: 12 gold pieces
 32343 | D:13     | XOM: scenery: create altars
 32719 | D:14     | Identified a scroll of acquirement
 32719 | D:14     | Acquired a manual of Fighting
 32780 | D:14     | Found a gate to the Vaults.
 32780 | D:14     | XOM: summons 4 friendly demons
 32817 | D:14     | Reached skill level 19 in Stealth
 32827 | D:14     | XOM: summons friendly crimson imp
 32900 | D:14     | Found a gate leading to a gauntlet.
 32907 | Gauntlet | Entered a Gauntlet
 32907 | Gauntlet | Found a transporter.
 32907 | Gauntlet | Found a transporter.
 32907 | Gauntlet | Found a transporter.
 32917 | Gauntlet | Found a transporter.
 32920 | Gauntlet | Found a transporter.
 32931 | Gauntlet | Found a transporter.
 32935 | Gauntlet | Found a runed translucent door.
 32936 | Gauntlet | Found a transporter.
 32937 | Gauntlet | Found a runed translucent door.
 32939 | Gauntlet | Found a transporter.
 32957 | Gauntlet | Found a transporter.
 32974 | Gauntlet | Found a transporter.
 32977 | Gauntlet | Found a transporter.
 32979 | Gauntlet | Found a runed translucent gate.
 32979 | Gauntlet | Found a runed translucent gate.
 32979 | Gauntlet | Found a runed translucent gate.
 32980 | Gauntlet | Found a large runed translucent door.
 32980 | Gauntlet | Found a large runed translucent door.
 32981 | Gauntlet | Found a large runed translucent door.
 32982 | Gauntlet | Found a large runed translucent door.
 32983 | Gauntlet | Found a large runed translucent door.
 32983 | Gauntlet | Found a large runed translucent door.
 32983 | Gauntlet | Found a runed translucent door.
 32983 | Gauntlet | Found a runed translucent door.
 32984 | Gauntlet | Found a large runed translucent door.
 32985 | Gauntlet | Found a large runed translucent door.
 32987 | Gauntlet | Found a transporter.
 33025 | Gauntlet | Found a large runed translucent door.
 33026 | Gauntlet | Found a large runed translucent door.
 33027 | Gauntlet | Found a large runed translucent door.
 33027 | Gauntlet | Found a large runed translucent door.
 33028 | Gauntlet | Found a large runed translucent door.
 33029 | Gauntlet | Found a large runed translucent door.
 33030 | Gauntlet | Found a large runed translucent door.
 33030 | Gauntlet | Found a large runed translucent door.
 33205 | Gauntlet | XOM: give mutations
 33205 | Gauntlet | Lost mutation: One of your tentacles bears a nasty spike.
                  | [Xom's mischief]
 33205 | Gauntlet | Gained mutation: You are occasionally teleported next to
                  | monsters. [Xom's mischief]
 33205 | Gauntlet | Gained mutation: Your spells are a little easier to cast,
                  | but a little less powerful. [Xom's mischief]
 33205 | Gauntlet | Lost mutation: You are somewhat resistant to further
                  | mutation. [Xom's mischief]
 33207 | Gauntlet | Identified the ring of Demons {SInv Stlth+}
 33352 | Gauntlet | XOM: god gift: runed dagger {god gift}
 33429 | D:14     | Reached skill level 10 in Fighting
 33431 | D:14     | XOM: fog
 33553 | D:14     | Identified the +4 short sword "Hanailot" {heavy, Will+
                  | Str+4}
 33578 | D:14     | XOM: 4-stop teleportation journey
 33866 | D:14     | XOM: divine lightning
 34093 | D:14     | XOM: summons 1 hostile shadow creature
 34353 | D:15     | Entered Level 15 of the Dungeon
 34477 | D:15     | Found a staircase to the Depths.
 34486 | D:15     | XOM: confusion
 34489 | D:15     | XOM: swap monsters
 34493 | D:15     | Slain by a wolf spider simulacrum

Illustrated notes

Levels and vault maps discovered:
D:1:      lemuel_arrival_rhombus, layout_rooms, minmay_tetromino_i2
D:2:      layout_basic
D:3:      layout_loops_cross, ebering_ghost_rock_garden,
          chequers_decorated_corner, minmay_crystal_water
D:4:      layout_rooms, mainiacjoe_overflow_tiny_flanked
D:5:      layout_basic, amethyst_overflow_temple_binary,
          minmay_temple_entry_butterflies, grunt_tough_drop
D:6:      layout_basic, hellmonk_guarded_unrand_lears
D:7:      layout_basic, nicolae_gozag_zags_fifth_avenue, serial_demonic,
          serial_demonic_e, serial_demonic_c, serial_demonic_d,
          serial_demonic_b, serial_shops, nicolae_shop_industrial_runoff,
          kennysheep_generic_room_10
D:8:      layout_gridville, nicolae_hepliaklqana_ecumenical_no_more,
          uniq_jeremiah, uniq_maggie
D:9:      layout_long_grid
D:10:     layout_loops_ring, david_orc_1_choice, kennysheep_decorative_pillar,
          eino_house_with_fridge
D:11:     layout_basic, minmay_lair_entry_grove, st_stairs_14,
          hangedman_decor_diamond_cutter, minivault_27, uniq_harold, uniq_erica
D:12:     layout_loops_ring
D:13:     layout_irregular_city, portal_ice_cave_rime, uniq_jorgrun,
          uniq_josephine, uniq_urug, uniq_kirke
D:14:     layout_loops_ring, lightli_vaults_fourway_checkpoint,
          gauntlet_entry_generic, hex_tiny, wad_floor_pattern_untrapped
D:15:     gammafunk_depths_entry_grave, layout_loops_ring,
          serial_co_window_serial, co_window_cross_1, co_window_corner_a,
          co_window_cross_1, co_window_paths_a, co_window_paths_b,
          co_window_corner_a, co_window_of_opportunity_a,
          co_window_of_opportunity_a, co_window_paths_b, co_window_cross_3,
          co_window_broadway_a, co_window_cross_3, co_window_2corner,
          co_window_paths_c, glass_columns_c, glass_columns_a, glass_columns_b
Lair:1:   layout_roguey
Lair:2:   layout_layer_cave, palyth_hydra_swamp_entry,
          alex1729_snake_entry_snake, beast_lair_carwin_9
Lair:3:   layout_regular_city, nicolae_lair_lindhole
Lair:4:   layout_roguey, special_room [special_room_bee],
          chequers_serial_rivers_small_a, chequers_serial_rivers_micro_a,
          minmay_stone_trees_small, dreamdust_wasp_nest, serial_bayou_shore_a,
          grunt_megastairs_5
Lair:5:   hellmonk_lair_end_abyssal_woods, layout_cave_shapes,
          minmay_slime_entry_jelly_boxes, infiniplex_staircase_pool_2,
          uniq_nessos
Orc:1:    layout_caves, basic_altar
Orc:2:    grunt_orc_community_town_hall, layout_caves,
          grunt_orc_community_big_house_2, grunt_orc_community_big_house_2,
          grunt_orc_community_house_2, grunt_orc_community_house_2,
          grunt_orc_community_house_2, grunt_orc_community_house_2,
          sword_in_stone

Skill      XL: |  1  2  3  4  5  6  7  8  9 10 11 12 13 14 15 16 |
---------------+-------------------------------------------------+-----
Stealth        | 1 3 4 5 6 8 10 12 13 15 16 17 18 19 | 19.4
Evocations     | 1 2 4 6 7 9 10 | 10.7
Short Blades   | 4 5 6 7 8 9 10 11 12 | 12.7
Shapeshifting  | 1 2 3 4 5 6 7 8 9 10 11 | 11.8
Dodging        | 3 4 5 6 7 8 9 10 | 10.7
Fighting       | 4 5 6 7 9 10 | 10.3
Shields        | 1 2 3 5 6 |  6.5

Action                     |  1- 3 |  4- 6 |  7- 9 | 10-12 | 13-15 | 16-18 || total
---------------------------+-------+-------+-------+-------+-------+-------++-------
  Melee: Short sword       |    66 |    53 |   147 |   357 |   749 |       ||  1372
         Constrict         |    23 |     9 |    31 |    38 |   149 |    55 ||   305
         Tentacles         |    17 |     5 |    32 |    95 |   297 |   110 ||   556
         Kick              |     9 |    14 |    53 |   151 |   469 |   182 ||   878
         Dagger            |     6 |     4 |       |       |       |       ||    10
         Punch             |     1 |     2 |     4 |     7 |    18 |     9 ||    41
         Rapier            |       |       |       |       |   219 |   338 ||   557
         Unarmed           |       |       |       |       |       |     3 ||     3
  Evoke: Condenser vane    |       |       |       |     1 |     2 |       ||     3
         Wand              |       |       |       |       |     2 |       ||     2
    Use: Scroll            |       |     2 |     3 |     8 |     9 |     5 ||    27
         Potion            |       |       |       |     1 |     8 |     6 ||    15
   Stab: Sleeping          |     4 |    17 |    18 |    37 |    24 |    22 ||   122
         Distracted        |       |     1 |       |     1 |     6 |     5 ||    13
         Confused          |       |       |       |       |     5 |       ||     5
         Paralysed         |       |       |       |       |     1 |       ||     1
         Betrayed ally     |       |       |       |       |     1 |       ||     1
         Petrifying        |       |       |       |       |       |     1 ||     1
 Armour: Skin              |    39 |     9 |    32 |    93 |   206 |    79 ||   458
  Dodge: Dodged            |    47 |    29 |   121 |   297 |   647 |   226 ||  1367
  Block: Other             |       |     8 |    15 |    26 |   147 |    14 ||   210
         Reflection        |       |       |       |       |     4 |     4 ||     8
         Buckler           |       |       |       |       |       |    89 ||    89
   Form: Beast             |       |     1 |       |       |       |       ||     1

Table legend: (Time is in decaauts)
 A = Elapsed time spent in this place.
 B = Non-inter-level travel time spent in this place.
 C = Inter-level travel time spent in this place.
 D = Time resting spent in this place.
 E = Time spent auto-exploring this place.
 F = Levels seen in this place.
 G = Mean time per level.
                   A        B        C        D        E       F      G
               +--------+--------+--------+--------+--------+-----+--------+
         Total |  33839 |  32613 |   1226 |  14775 |  13593 |  24 | 1410.0 |
       Dungeon |  22163 |  21268 |    895 |  11470 |   7749 |  15 | 1477.5 |
          Lair |   8239 |   7947 |    292 |   2262 |   4448 |   5 | 1647.8 |
  Orcish Mines |   2545 |   2506 |     39 |    959 |    925 |   2 | 1272.5 |
      Ice Cave |    435 |    435 |      0 |      0 |    311 |   1 |  435.0 |
      Gauntlet |    455 |    455 |      0 |     83 |    159 |   1 |  455.0 |
               +--------+--------+--------+--------+--------+-----+--------+

Top non-repeatable levels by time:
     D:1: 7908 daAuts
    D:11: 3674 daAuts
  Lair:2: 2973 daAuts
  Lair:4: 1988 daAuts
   Orc:2: 1388 daAuts
    D:10: 1350 daAuts
  Lair:3: 1327 daAuts
    D:13: 1301 daAuts
  Lair:5: 1250 daAuts
   Orc:1: 1157 daAuts
    D:12: 1132 daAuts
     D:6: 1084 daAuts
    D:14: 897 daAuts
     D:5: 839 daAuts
     D:3: 785 daAuts
